 Dungeon Crawl Stone Soup version 0.14.0-15-g6b16f67 (webtiles) character file.

444 Qrupt the Slicer (level 6, 0/41 HPs)
             Began as a Halfling Fighter on Apr 18, 2014.
             Was an Initiate of Nemelex Xobeh.
             Slain by a gnoll
             ... wielding a +2,+1 whip
              (5 damage)
             ... on Level 4 of the Dungeon.
             The game lasted 00:10:14 (3168 turns).

Qrupt the Slicer (Halfling Fighter)                 Turns: 3168, Time: 00:10:17

HP   0/41        AC  7     Str 14      XL: 6   Next: 64%
MP   6/6         EV  9     Int  8      God: Nemelex Xobeh [......]
Gold 143         SH 12     Dex 17      Spells:  0 memorised,  5 levels left

rFire  . . .     SeeInvis .     a - +0 cutlass
rCold  + . .     Clarity  .     b - +0 scale mail
rNeg   + . .     Conserve .     c - +0 buckler
rPois  .         rCorr    .     x - +0 helmet
rElec  .         rRot     .     (no cloak)
SustAb . .       Spirit   .     (no gloves)
rMut   .         Warding  +     (no boots)
Saprov . . .     Stasis   .     i - amulet of warding
MR     .....                    o - ring of protection from cold
                                j - ring of teleport control

@: lethally poisoned, very slightly contaminated, hasted, glowing, very quick,
not resistant to hostile enchantments, extremely unstealthy
A: mutation resistance 1, slow metabolism 1
a: Renounce Religion, Evoke Teleport Control


You were on level 4 of the Dungeon.
You worshipped Nemelex Xobeh.
Nemelex Xobeh was noncommittal.
You were not hungry.

You visited 1 branch of the dungeon, and saw 4 of its levels.

You collected 143 gold pieces.

Inventory:

Hand weapons
 a - a +0,+0 cutlass (weapon)
Armour
 b - a +0 scale mail (worn)
 c - a +0 buckler (worn)
 x - a +0 helmet (worn)
Comestibles
 d - 3 bread rations
 s - an apple
 A - a pear
Scrolls
 e - a scroll of remove curse {unknown}
 f - a scroll of blinking {unknown}
 h - a scroll of enchant armour {unknown}
 l - 2 scrolls of teleportation {unknown}
 m - a scroll of fog {unknown}
 q - a scroll of noise {unknown}
 v - a scroll of random uselessness {unknown}
 w - 2 scrolls of amnesia {unknown}
 B - a scroll of magic mapping {unknown}
Jewellery
 i - an amulet of warding (around neck)
 j - a ring of teleport control (left hand)
 o - a ring of protection from cold (right hand)
 p - an uncursed ring of flight
 z - an uncursed ring of ice
Potions
 n - a potion of magic {unknown}
 t - a potion of heal wounds {unknown}
 C - a potion of restore abilities {unknown}
Books
 u - a book of Death

   Spells                             Type                      Level
   Corpse Rot                         Necromancy                   2
   Sublimation of Blood               Necromancy                   2
   Agony                              Necromancy                   5
   Dispel Undead                      Necromancy                   5
   Excruciating Wounds                Charms/Necromancy            5
   Bolt of Draining                   Conjuration/Necromancy       5
Miscellaneous
 y - a plain deck of escape {drawn: 1}


   Skills:
 - Level 2.6 Fighting
 + Level 8.6 Short Blades
 - Level 2.4 Armour
 - Level 3.2 Shields


You had 5 spell levels left.
You didn't know any spells.

Dungeon Overview and Level Annotations

Branches:
Dungeon (4/15)
 Temple: D:4-7

Altars:
Nemelex Xobeh

Annotations:
D:3 Heini's ghost, average HOFi; Sigmund
D:4 Edmund


Innate Abilities, Weirdness & Mutations

You are small and have problems with some larger weapons.
You are somewhat resistant to further mutation.
You have a slow metabolism.


Message History

The gnoll hits you with a whip.
Your scale mail prevents you from hitting the gnoll.
The gnoll is lightly wounded.
You hit the gnoll but do no damage.
The gnoll is lightly wounded.
The gnoll hits you with a whip!
* * * LOW HITPOINT WARNING * * *
You hit the gnoll.
The gnoll is heavily wounded.
The gnoll hits you but does no damage.
You hit the gnoll but do no damage.
The gnoll is heavily wounded.
Drink which item? (? for menu, Esc to quit)
That liquid tasted very nasty...
You are lethally poisoned!
It was a potion of poison.
* * * LOW HITPOINT WARNING * * *
You feel sick. The gnoll hits you with a whip.
You die...
Your body disappears without additional glow.

# #...# #.###.##### # #...#
#.# #.# # #...# #.# #.# #
#.<.# #.# #.# #
##.####.###.######## #
#.........g........ #
#.......###g######## . #
#.......# #g# ..g #
#.......###@## g... #
##.#.#..#....# ..... #
...#.#..#...)#########......
#
###.#..#.......g...........
# #.#..##############......
# #..# ..... # .... # #.# #


You could see 3 gnolls.

Vanquished Creatures
  A scorpion (D:4)
  A hound (D:4)
  Crazy Yiuf (D:2)
  A gnoll shaman (D:4)
  Jessica (D:3)
  Terence (D:3)
  2 gnolls (D:4)
  2 giant mites
  3 adders (D:4)
  4 giant geckos
  3 oozes
  12 bats
  3 giant cockroaches
  9 hobgoblins
  5 jackals (D:3)
  A quokka (D:2)
  7 giant newts
  4 goblins
  8 kobolds
  9 rats
78 creatures vanquished.

Notes
Turn   | Place    | Note
--------------------------------------------------------------
     0 | D:1      | Qrupt, the Halfling Fighter, began the quest for the Orb.
     0 | D:1      | Reached XP level 1. HP: 15/15 MP: 1/1
    27 | D:1      | Reached XP level 2. HP: 20/20 MP: 2/2
   282 | D:1      | Reached skill level 4 in Short Blades
   574 | D:1      | Reached XP level 3. HP: 17/25 MP: 3/3
  1277 | D:2      | Reached skill level 5 in Short Blades
  1280 | D:2      | Noticed Crazy Yiuf
  1461 | D:2      | Killed Crazy Yiuf
  1461 | D:2      | Reached XP level 4. HP: 25/30 MP: 4/4
  1834 | D:2      | Reached skill level 6 in Short Blades
  1857 | D:3      | Noticed Terence
  1875 | D:3      | Killed Terence
  1926 | D:3      | Noticed Sigmund
  2065 | D:3      | Reached XP level 5. HP: 28/35 MP: 5/5
  2220 | D:3      | Found a sparkling altar of Nemelex Xobeh.
  2225 | D:3      | Noticed Jessica
  2238 | D:3      | Killed Jessica
  2249 | D:3      | Became a worshipper of Nemelex Xobeh the Trickster
  2395 | D:3      | Received a gift from Nemelex Xobeh
  2462 | D:3      | Noticed Heini's ghost (average HOFi)
  2479 | D:4      | Reached skill level 7 in Short Blades
  2704 | D:4      | Noticed Edmund
  2748 | D:4      | Reached XP level 6. HP: 17/41 MP: 6/6
  2767 | D:4      | Reached skill level 8 in Short Blades
  3168 | D:4      | Slain by a gnoll

Action                   |  1- 3 |  4- 6 || total
-------------------------+-------+-------++-------
Melee: Cutlass           |   138 |   219 ||   357
Evoke: Deck              |       |     1 ||     1
  Use: Scroll            |     2 |     1 ||     3
       Potion            |     1 |     3 ||     4
